 Dungeon Crawl Stone Soup version 0.31.0-11-ge490571c62 (webtiles) character file.

Game seed: 16599156665407639747

24 Baz the Grave Robber (level 1, -2/14 HPs)
             Began as a Demonspawn Necromancer on Feb 8, 2024.
             Was a Believer of Ru.
             Slain by a ribbon worm (4 damage)
             ... on level 1 of the Dungeon.
             The game lasted 00:01:51 (761 turns).

Baz the Grave Robber (Demonspawn Necromancer)        Turns: 761, Time: 00:01:52

Health: -2/14      AC:  2    Str:  8    XL:     1   Next: 79%
Magic:  1/3        EV: 12    Int: 15    God:    Ru [**....]
Gold:   42         SH:  0    Dex: 13    Spells: 3/4 levels left

rFire   . . .        c - +0 dagger
rCold   . . .        (no shield)
rNeg    . . .        a - +0 robe
rPois   .            (no helmet)
rElec   .            (no cloak)
rCorr   .            (no gloves)
SInv    .            (no boots)
Will    .....        (no amulet)
Stlth   ++           (no ring)
HPRegen 0.22/turn    (no ring)
MPRegen 0.08/turn

%: no passive effects
@: no status effects
A: powered by death 1, inexperienced 1
a: Renounce Religion


You were on level 1 of the Dungeon.
You worshipped Ru.
Ru was pleased with you.
You visited 1 branch of the dungeon, and saw 2 of its levels.

You collected 42 gold pieces.

Inventory:

Hand Weapons
 c - a +0 dagger (weapon)
Armour
 a - a +0 robe (worn)
Jewellery
 e - a ring of poison resistance
Scrolls
 f - a scroll of teleportation {unknown}
 h - a scroll of identify {unknown}
Potions
 d - a potion of haste {unknown}
 g - a potion of resistance {unknown}


   Skills:
 + Level 0.4 Fighting
 + Level 2.1 Dodging
 - Level 2.0 Stealth
 + Level 2.2 Spellcasting
 * Level 4.7 Necromancy


You had 3 spell levels left.
You knew the following spells:

 Your Spells              Type           Power      Damage    Failure   Level
a - Necrotise             Necr           60%        1d7       3%          1

Your spell library contained the following spells:

 Spells                   Type           Power      Damage    Failure   Level
 Vampiric Draining        Necr           15%        2d7       10%         3
 Animate Dead             Necr           15%        N/A       30%         4
 Curse of Agony           Necr           15%        N/A       65%         5


Dungeon Overview and Level Annotations

Branches:
Dungeon (2/15)

Altars:
Ru


Innate Abilities, Weirdness & Mutations

You regenerate a little health from kills.
You are somewhat inexperienced. (-1 XL)


Message History

Unknown command.
The ribbon worm writhes in agony.
The ribbon worm bites you!
Ouch! That really hurt!
Unknown command.
You barely miss the ribbon worm.
The ribbon worm is lightly wounded.
The ribbon worm expels a string of sticky webbing.
The stream of webbing hits you but does no damage.
You are caught in a web!
You hit the ribbon worm.
The ribbon worm is lightly wounded.
The ribbon worm bites you.
* * * LOW HITPOINT WARNING * * *
You hit the ribbon worm but do no damage.
The ribbon worm is lightly wounded.
The ribbon worm barely misses you.
Unknown command.
Magic courses through your body.
The ribbon worm expels a string of sticky webbing.
The stream of webbing hits you but does no damage.
You are caught in a web!
You are too injured to fight recklessly!
Unknown command.
The ribbon worm bites you.
* * * LOW HITPOINT WARNING * * *
Unknown command.
Casting: Necrotise (safe; 3% risk of failure)
Confirm with . or Enter, or press ? or * to list all spells.
Aiming: Necrotise (safe; 3% risk of failure)
Press: ? - help, Shift-Dir - straight line, f/p - ribbon worm
Aim: a ribbon worm (catching its breath, chance to affect: 79%)
The ribbon worm writhes in agony.
Unknown command.
Casting: Necrotise (safe; 3% risk of failure)
Confirm with . or Enter, or press ? or * to list all spells.
Aiming: Necrotise (safe; 3% risk of failure)
Press: ? - help, Shift-Dir - straight line, f/p - ribbon worm
Aim: a ribbon worm (lightly wounded, catching its breath, chance to affect: 79%)
The ribbon worm barely resists.
The ribbon worm bites you.
You die...

.#.##..###.....##### ###.#
.#..##.####.##.....## ##.#
..#..#......######..###..#####
.......###### ##.....##...#
...#.#...## ##.........#
...#.###..##########.#####...####
...#...##...##........####...#...
...###...........................
.#.# #######....@.....#######....
.#)# ###..w.....# ##... ...#
#........# #... ...# ##########
#... ...# #... #### #... #...
####


You could see a ribbon worm (catching breath).

Vanquished Creatures
  2 endoplasms (D:1)
  2 goblins (D:1)
  3 hobgoblins
  6 kobolds (D:1)
  A quokka (D:1)
  2 ball pythons (D:1)
  A frilled lizard (D:1)
  2 rats (D:1)
19 creatures vanquished.

Vanquished Creatures (collateral kills)
  An endoplasm (D:1)
  A hobgoblin (D:1)
2 creatures vanquished.

Grand Total: 21 creatures vanquished

Notes
Turn   | Place    | Note
-------+----------+-------------------------------------------
     0 | D:1      | Baz the Demonspawn Necromancer began the quest for the Orb.
     0 | D:1      | Reached XP level 1. HP: 13/13 MP: 3/3
   174 | D:1      | Gained mutation: You regenerate a little health from kills.
                  | [demonic ancestry]
   174 | D:1      | Reached XP level 2. HP: 19/19 MP: 1/5
   591 | D:1      | Found a faded altar of an unknown god.
   604 | D:1      | Prayed at the altar of an unknown god.
   604 | D:1      | Became a worshipper of Ru the Awakened
   614 | D:1      | Gained mutation: You are somewhat inexperienced. (-1 XL)
                  | [Ru sacrifice]
   614 | D:1      | Reached XP level 1. HP: 14/14 MP: 3/3
   614 | D:1      | Reached * piety under Ru
   614 | D:1      | Reached ** piety under Ru
   761 | D:1      | Slain by a ribbon worm

Illustrated notes

Levels and vault maps discovered:
D:1:      eino_arrival_cavern_b, layout_rooms, chequers_ecumenical_altar_simple
D:2:      layout_rooms, dk_noncrumbling_2, minivault_27, hex_large,
          serial_bayou_ford_a, uniq_robin, uniq_crazy_yiuf_cottage

Skill      XL: |  1 |
---------------+----+-----
Dodging        | 2 |  2.1
Stealth        | 2 |  2.0
Fighting       | |  0.4
Spellcasting   | |  2.2
Necromancy     | |  4.7

Action                     || total
---------------------------++-------
  Melee: Dagger            ||    12
         Unarmed           ||     1
   Cast: Necrotise         ||    29
 Invoke: Sacrifice Experie ||     1
    Use: Potion            ||     1
   Stab: Distracted        ||     1
 Armour: Robe              ||     7
  Dodge: Dodged            ||     8
